 Dungeon Crawl Stone Soup version 0.25.1-2-g60ff931df9 (webtiles) character file.

Game seed: 12649314432341327177

1879 DildoBatman the Conjurer (level 9, 0/62 HPs)
             Began as a Formicid Wizard on Aug 8, 2020.
             Was a Follower of Kikubaaqudgha.
             Slain by a killer bee (6 damage)
             ... on level 7 of the Dungeon.
             The game lasted 00:22:08 (6690 turns).

DildoBatman the Conjurer (Formicid Wizard)          Turns: 6690, Time: 00:22:08

Health: 0/62       AC:  4    Str: 12    XL:     9   Next: 36%
Magic:  18/24      EV: 13    Int: 27    God:    Kikubaaqudgha [*.....]
Gold:   235        SH:  0    Dex:  9    Spells: 7/14 levels left

rFire    . . .     SeeInvis +   a - +4 halberd (curse)
rCold    . . .     Gourm    .   (no shield)
rNeg     . . .     Faith    .   u - +0 robe
rPois    .         Spirit   .   (helmet unavailable)
rElec    .         Reflect  .   F - +0 cloak
rCorr    .         Harm     .   (no gloves)
MR       .....                  (no boots)
Stlth    ++........             r - amulet of regeneration
HPRegen  0.60/turn              l - +6 ring of intelligence
MPRegen  0.19/turn              A - ring of magical power

@: lethally poisoned (0 -> -9)
A: permanent stasis, dig shafts and tunnels, four strong arms, antennae 3, high
mp 1, shaggy fur 1
a: Dig, Shaft Self, Receive Corpses, Renounce Religion


You were on level 7 of the Dungeon.
You worshipped Kikubaaqudgha.
Kikubaaqudgha was aware of your devotion.
You were not hungry.

You visited 2 branches of the dungeon, and saw 8 of its levels.

You collected 235 gold pieces.

Inventory:

Hand Weapons
 a - a cursed +4 halberd (weapon)
 c - a +0 shortbow
 o - a +0 hand crossbow
Missiles
 e - 100 stones
 j - 59 sling bullets
 B - 111 arrows
 H - 45 poisoned darts (quivered)
Armour
 h - a cursed +0 ring mail
 m - +0 pearl dragon scales
 n - the +1 buckler of Anarchy {Dex+6, unknown}
   (You found it on level 7 of the Dungeon)

   It affects your dexterity (+6).
 q - a +0 ring mail of cold resistance
 u - a +0 robe (worn)
 F - a +0 cloak (worn)
 O - a +2 robe of fire resistance
Jewellery
 l - a +6 ring of intelligence (left hand)
 r - an amulet of regeneration (around neck)
 s - an uncursed ring of flight
 w - an uncursed ring of fire
 A - a ring of magical power (right hand)
Wands
 d - a wand of iceblast (12)
 y - a wand of flame (27)
 K - a wand of random effects (16)
 P - a wand of clouds (1)
Scrolls
 b - a scroll of teleportation {unknown}
 f - a scroll of immolation
 i - a scroll of amnesia
 x - 5 scrolls of remove curse
 z - 4 scrolls of identify
 J - 4 scrolls of enchant weapon
 L - 2 scrolls of magic mapping
Potions
 g - 3 potions of lignification {unknown}
 k - 2 potions of mutation
 p - a potion of flight {unknown}
 C - a potion of invisibility {unknown}
 D - a potion of cancellation {unknown}
 E - a potion of haste {unknown}
 G - 4 potions of degeneration {unknown}
 I - 3 potions of brilliance {unknown}
 M - a potion of berserk rage {unknown}
 R - a potion of heal wounds {unknown}
Comestibles
 v - 7 rations


   Skills:
 * Level 2.9 Fighting
 * Level 2.9 Armour
 * Level 3.1 Dodging
 - Level 2.4 Stealth
 - Level 3.2 Spellcasting
 - Level 6.0 Conjurations
   Level 1.0 Summonings
   Level 0.8 Translocations
 - Level 5.0 Fire Magic
 - Level 5.0 Air Magic


You had 7 spell levels left.
You knew the following spells:

 Your Spells              Type           Power        Failure   Level  Hunger
a - Conjure Flame         Conj/Fire      ####....     2%          3    ###....
c - Magic Dart            Conj           ####         1%          1    None
e - Mephitic Cloud        Conj/Pois/Air  ###.....     6%          3    ###....

Your spell library contained the following spells:

 Spells                   Type           Power        Failure   Level  Hunger
 Corpse Rot               Necr/Air       N/A          4%          2    #......
 Animate Skeleton         Necr           N/A          9%          1    None
 Pain                     Necr           #...         9%          1    None
 Call Imp                 Summ           #.......     9%          2    #......
 Slow                     Hex            #.......     13%         2    #......
 Sublimation of Blood     Necr           #.........   13%         2    #......
 Vampiric Draining        Necr           #.........   26%         3    ###....
 Animate Dead             Necr           N/A          65%         4    ####...
 Agony                    Necr           #.......     94%         5    ######.
 Blink                    Tloc           Unusable     N/A         2    N/A

Dungeon Overview and Level Annotations

Branches:
Dungeon (7/15)             Temple (1/1) D:5

Altars:
Cheibriados
Gozag
Hepliaklqana
Kikubaaqudgha
Makhleb
Nemelex Xobeh
Okawaru
Ru
Sif Muna
Trog
Uskayaw
Vehumet
Wu Jian
Xom
Zin
The Shining One

Annotations:
D:3 2 runed translucent doors, Delamore's ghost, amateur GrFi
D:5 2 transporters, TheAraber's ghost, novice OpIE
D:7 3 runed translucent doors


Innate Abilities, Weirdness & Mutations

You cannot be hasted, slowed, berserked, paralysed or teleported.
You can dig through walls and to a lower floor.
Your four strong arms can wield two-handed weapons with a shield.
You have a pair of large antennae on your head. (SInv)
You have an increased reservoir of magic. (+10% MP)
You are covered in fur. (AC +1)


Message History

You are more poisoned.
The killer bee poisons you!
A phantom comes into view.
The killer bee closely misses you.
You feel sick.
The killer bee stings you but does no damage.
The killer bee misses you.
You feel very sick.
The killer bee stings you but does no damage.
You feel sick.
The killer bee looks more healthy.
The killer bee stings you!
It was a potion of mutation.
You feel extremely strange.
You feel more energetic. Fur sprouts all over your body.
You feel sick. The killer bee stings you.
You die...
Kikubaaqudgha rasps: "You have failed me!
Welcome... death!"

####### ##.....# #...##.##
###.......#### ##
#............# #.
#....[#..##### #
#..#........##########
#....@.....(..........
##..y.......#####.##..
#..####..#.#####....#
#..((.............###
###.#...........###..
#.#.#)....####.## ...
#.#...#..#####.#....#
######.#.........?#.#...##
#.........W....####.+...#


You could see a killer bee.

Vanquished Creatures
  Prince Ribbit (D:7)
  Duvessa (D:6)
  2 ice beasts
  A phantom (D:3)
  2 ogres
  A necrophage (D:6)
  3 centaurs
  Dowan (D:6)
  A killer bee (D:7)
  3 wights (D:6)
  2 crimson imps (D:6)
  A jelly (D:6)
  A hound (D:4)
  Crazy Yiuf (D:5)
  Natasha (thrice) (D:2)
  Jessica (D:3)
  2 iguanas (D:5)
  3 worker ants
  A hound skeleton (D:5)
  7 gnolls
  A worker ant zombie (D:6)
  A howler monkey skeleton (D:5)
  4 adders
  3 shadow imps
  An adder zombie (D:5)
  An adder skeleton (D:6)
  2 worms
  2 leopard geckos
  3 orcs
  6 bats
  3 giant cockroaches (D:4)
  A goblin (D:3)
  5 hobgoblins
  7 jackals
  A quokka (D:4)
  3 ball pythons
  2 frilled lizards
  8 kobolds
  A leopard gecko zombie (D:5)
  5 rats
98 creatures vanquished.

Notes
Turn   | Place    | Note
-------+----------+-------------------------------------------
     0 | D:1      | DildoBatman the Formicid Wizard began the quest for the
                  | Orb.
     0 | D:1      | Reached XP level 1. HP: 13/13 MP: 4/4
    86 | D:1      | Reached skill level 1 in Conjurations
   434 | D:1      | Reached XP level 2. HP: 19/19 MP: 3/6
   464 | D:1      | Reached skill level 2 in Conjurations
  1296 | D:2      | Reached XP level 3. HP: 24/24 MP: 1/7
  1301 | D:2      | Learned a level 3 spell: Conjure Flame
  1305 | D:2      | Learned a level 3 spell: Mephitic Cloud
  1564 | D:2      | Noticed Natasha
  1807 | D:3      | Found a runed translucent door.
  1811 | D:3      | Noticed Delamore's ghost (amateur GrFi)
  1882 | D:3      | Reached skill level 3 in Conjurations
  1955 | D:3      | Reached XP level 4. HP: 18/30 MP: 3/8
  2293 | D:3      | Reached skill level 4 in Conjurations
  2293 | D:3      | Reached XP level 5. HP: 35/35 MP: 5/9
  2520 | D:3      | Noticed Jessica
  2524 | D:3      | Found a runed translucent door.
  3111 | D:4      | Noticed a phantom
  3256 | D:4      | Reached XP level 6. HP: 41/41 MP: 10/10
  3263 | D:4      | Reached skill level 5 in Conjurations
  3745 | D:5      | Entered Level 5 of the Dungeon
  3745 | D:5      | Found a transporter.
  3781 | D:5      | Found a staircase to the Ecumenical Temple.
  3787 | Temple   | Entered the Ecumenical Temple
  3861 | Temple   | Became a worshipper of Kikubaaqudgha
  3985 | D:5      | Found a transporter.
  4006 | D:5      | Noticed TheAraber's ghost (novice OpIE)
  4030 | D:5      | Reached skill level 1 in Fire Magic
  4030 | D:5      | Reached XP level 7. HP: 24/46 MP: 11/11
  4074 | D:5      | Reached skill level 6 in Conjurations
  4074 | D:5      | Reached skill level 1 in Air Magic
  4395 | D:5      | Found a runed translucent door.
  4396 | D:5      | Noticed Crazy Yiuf
  4518 | D:5      | Killed Crazy Yiuf
  4608 | D:3      | Reached XP level 8. HP: 42/52 MP: 12/12
  4643 | D:3      | Killed Jessica
  4716 | D:2      | Killed Natasha
  4912 | D:2      | Noticed Natasha
  4916 | D:2      | Killed Natasha
  4980 | D:2      | Noticed Natasha
  4986 | D:2      | Killed Natasha
  5334 | D:6      | Noticed Duvessa
  5344 | D:6      | Noticed Dowan
  5347 | D:6      | Killed Duvessa
  5352 | D:6      | Killed Dowan
  5388 | D:6      | Found a sparkling altar of Nemelex Xobeh.
  5461 | D:6      | Reached skill level 5 in Fire Magic
  5846 | D:6      | Reached * piety under Kikubaaqudgha
  5846 | D:6      | Identified Kikubaaqudgha's Papyrus of Evil Rituals
                  | (Kikubaaqudgha gifted it to you on level 6 of the Dungeon)
  5846 | D:6      | Received a gift from Kikubaaqudgha
  5916 | D:6      | Reached skill level 5 in Air Magic
  5916 | D:6      | Reached XP level 9. HP: 17/58 MP: 10/13
  5943 | D:6      | Found a hide-covered altar of Uskayaw.
  6021 | D:6      | Reached skill level 1 in Fighting
  6021 | D:6      | Reached skill level 1 in Armour
  6568 | D:7      | Found a runed translucent gate.
  6568 | D:7      | Found a runed translucent gate.
  6568 | D:7      | Found a runed translucent gate.
  6586 | D:7      | Got a fine buckler
  6659 | D:7      | Noticed Prince Ribbit
  6679 | D:7      | Killed Prince Ribbit
  6690 | D:7      | Gained mutation: You have an increased reservoir of magic.
                  | (+10% MP) [potion of mutation]
  6690 | D:7      | Gained mutation: You are covered in fur. (AC +1) [potion of
                  | mutation]
  6690 | D:7      | Slain by a killer bee

Illustrated notes

Levels and vault maps discovered:
D:1:      shiori_arrival_elements, layout_basic, serial_glass, glass_columns_b,
          glass_columns_a, glass_columns_b, minmay_misc_feat_secret_circle,
          minivault_14
D:2:      layout_rooms, uniq_natasha
D:3:      layout_loops_ring, ebering_ghost_sewer_f, first_ration, uniq_jessica
D:4:      layout_basic, hex_large
D:5:      layout_cave_pools, minmay_temple_entry_glassed_door,
          gammafunk_ghost_stat_death, uniq_crazy_yiuf_cottage
D:6:      layout_layer_cave, nemelex_xobeh_ov_fountains_minmay,
          lemuel_coloured_pillars_altar, uniq_duvessa
D:7:      layout_basic, gammafunk_ghost_icy, nzn_random_ring, uniq_menkaure,
          uniq_pikel, uniq_prince_ribbit1
Temple:   eino_temple_lava

Skill      XL: |  1  2  3  4  5  6  7  8  9 |
---------------+----------------------------+-----
Conjurations   | 1 2 3 4 5 6 |  6.0
Fire Magic     | 1 3 5 |  5.0
Air Magic      | 2 5 |  5.0
Dodging        | 2 3 |  3.1
Fighting       | 2 |  2.9
Armour         | 2 |  2.9
Stealth        | |  2.4
Spellcasting   | |  3.2
Summonings     | |  1.0
Translocations | |  0.8

Action                   |  1- 3 |  4- 6 |  7- 9 || total
-------------------------+-------+-------+-------++-------
Melee: Short sword       |    13 |    84 |    54 ||   151
       Halberd           |       |       |    54 ||    54
 Fire: Shortbow          |       |       |     6 ||     6
Throw: Dart              |     5 |     7 |    10 ||    22
       Stone             |       |     1 |       ||     1
 Cast: Magic Dart        |    67 |    51 |    78 ||   196
       Conjure Flame     |       |     3 |    15 ||    18
       Mephitic Cloud    |       |     1 |    12 ||    13
 Abil: Dig               |     4 |     3 |    11 ||    18
  Use: Scroll            |       |     7 |       ||     7
       Potion            |       |       |     1 ||     1
 Stab: Sleeping          |     1 |     1 |       ||     2
       Confused          |       |       |     7 ||     7
  Eat: Chunk             |     3 |     6 |     6 ||    15
       Ration            |       |       |     2 ||     2
Armor: Robe              |     4 |     7 |     8 ||    19
Dodge: Dodged            |    19 |    58 |    66 ||   143
